 Dungeon Crawl Stone Soup version 0.20.0-8-g6b59dc7 (webtiles) character file.

72 Kosschaser the Sneak (level 4, 0/21 HPs)
             Began as a Vine Stalker Enchanter on May 30, 2017.
             Slain by an iguana (1 damage)
             ... on level 3 of the Dungeon.
             The game lasted 00:10:03 (2645 turns).

Kosschaser the Sneak (Vine Stalker Enchanter)       Turns: 2645, Time: 00:10:03

Health: 0/21       AC:  3    Str: 10    XL:     4   Next: 26%
Magic:  0/8        EV: 13    Int: 15    God:
Gold:   91         SH:  0    Dex: 16    Spells: 5/8 levels left

rFire    . . .     SeeInvis .   a - +1 dagger
rCold    . . .     Gourm    .   (no shield)
rNeg     . . .     Faith    .   b - +0 robe
rPois    .         Spirit   +   (no helmet)
rElec    .         Reflect  .   (no cloak)
rCorr    .         Harm     .   o - +0 pair of gloves
MR       .....                  (no boots)
Stlth    ++++......             (no amulet)
Regen    0.5/turn               f - ring of stealth
MPRegen  0.2/turn               (no ring)

@: very slightly contaminated
A: fangs 2, regeneration 1, magic shield, antimagic bite, no potion heal 3, rot
immunity
a: no special abilities


You were on level 3 of the Dungeon.
You were hungry.

You visited 1 branch of the dungeon, and saw 3 of its levels.

You collected 91 gold pieces.

Inventory:

Hand Weapons
 a - a +1 dagger (weapon)
Armour
 b - a +0 robe (worn)
 o - a +0 pair of gloves (worn)
Jewellery
 f - a ring of stealth (left hand)
Wands
 p - a wand of acid (3/15)
Scrolls
 g - 2 scrolls of magic mapping {unknown}
 h - 3 scrolls of identify {unknown}
 k - a scroll of amnesia {unknown}
 l - 2 scrolls of fog {unknown}
 m - 5 scrolls of teleportation {unknown}
 r - 2 scrolls of enchant armour {unknown}
 s - a scroll of blinking {unknown}
 v - a scroll of random uselessness {unknown}
Potions
 e - a potion of haste {unknown}
 i - a potion of curing
 j - a potion of ambrosia {unknown}
 q - a potion of resistance {unknown}
Books
 c - a book of Maledictions

   Spells                             Type                      Level
   a - Corona                         Hexes                        1
   b - Ensorcelled Hibernation        Hexes/Ice                    2
   c - Confuse                        Hexes                        3
   d - Tukima's Dance                 Hexes                        3
   e - Dazzling Spray                 Conjuration/Hexes            3
Comestibles
 d - 2 bread rations
 n - 2 meat rations
 t - a royal jelly
 u - a chunk of flesh


   Skills:
 + Level 1.4 Short Blades
 + Level 2.1 Dodging
 * Level 4.6 Stealth
 + Level 2.5 Spellcasting
 + Level 3.3 Hexes
 + Level 0.6 Ice Magic


You had 5 spell levels left.
You knew the following spells:

 Your Spells              Type           Power        Failure   Level  Hunger
a - Corona                Hex            ##.....      5%          1    #......
b - Ensorcelled Hibernat  Hex/Ice        #.....       14%         2    ###....


Dungeon Overview and Level Annotations

Branches:
Dungeon (3/15)

Altars:
Elyvilon
Nemelex Xobeh


Innate Abilities, Weirdness & Mutations

You have extremely sharp teeth.
Your natural rate of healing is unusually fast.
When hurt, damage is shared between your health and your magic reserves.
Your bite disrupts and absorbs the magic of your enemies.
Potions cannot restore your health.
You are immune to rotting.


Message History

Casting: Ensorcelled Hibernation
Confirm with . or Enter, or press ? or * to list all spells.
Okay, then.
The iguana completely misses you.
The iguana hisses menacingly.
Casting: Ensorcelled Hibernation
Confirm with . or Enter, or press ? or * to list all spells.
Aiming: Ensorcelled Hibernation
Press: ? - help, Shift-Dir - straight line, f/p - iguana
Aim: an iguana (chance to defeat MR: 48%)
The iguana resists with some effort.
The iguana bites you!
Okay, then.
You barely miss the iguana. You bite the iguana, but do no damage.
The iguana barely misses you.
You hit the iguana but do no damage. The iguana bites you!
Ouch! That really hurt!
* * * LOW HITPOINT WARNING * * *
You hit the iguana but do no damage. You bite the iguana, but do no damage.
The iguana bites you.
You die...

.......##
....##..#
###..##.# #
####.##.####.#
...#.##.#....#
..........#
##.......###
####.÷....#######
#..........l@#
###.....########
###...##..#
#...####..###
#.### ##...###
#.# ###>.†#####
#.# ##......##
#.# #.####..# #.#
#.# ##.#


You could see an iguana.

Vanquished Creatures
  3 adders (D:2)
  2 worms (D:2)
  A leopard gecko (D:2)
  2 giant cockroaches (D:3)
  5 goblins
  4 hobgoblins
  4 jackals (D:2)
  A quokka (D:3)
  9 bats
  3 frilled lizards
  A kobold (D:2)
  4 rats
39 creatures vanquished.

Vanquished Creatures (others)
  A rat (D:3)
1 creature vanquished.

Grand Total: 40 creatures vanquished

Notes
Turn   | Place    | Note
-------+----------+-------------------------------------------
     0 | D:1      | Kosschaser the Vine Stalker Enchanter began the quest for the Orb.
     0 | D:1      | Reached XP level 1. HP: 9/9 MP: 4/4
   342 | D:1      | Reached XP level 2. HP: 7/13 MP: 4/6
   352 | D:1      | Reached skill level 1 in Short Blades
  1060 | D:2      | Reached skill level 4 in Stealth
  1234 | D:2      | Reached XP level 3. HP: 7/16 MP: 3/7
  1245 | D:2      | Learned a level 2 spell: Ensorcelled Hibernation
  1932 | D:2      | Gained mutation: Your natural rate of healing is unusually fast. [Vine Stalker growth]
  1932 | D:2      | Reached XP level 4. HP: 21/21 MP: 8/8
  1978 | D:2      | Found a sparkling altar of Nemelex Xobeh.
  2537 | D:3      | Found a white marble altar of Elyvilon.
  2644 | D:3      | HP: 1/21 [iguana (12)]
  2645 | D:3      | Slain by an iguana

Skill      XL: |  1  2  3 |
---------------+----------+-----
Short Blades   | 1 |  1.4
Stealth        | 4 |  4.6
Dodging        | 2 |  2.1
Spellcasting   | |  2.5
Hexes          | |  3.3
Ice Magic      | |  0.6

Action                   |  1- 3 |  4- 6 || total
-------------------------+-------+-------++-------
Melee: Dagger            |    91 |    34 ||   125
       Bite              |    13 |     7 ||    20
 Cast: Ensorcelled Hiber |    10 |     8 ||    18
  Use: Potion            |     1 |       ||     1
 Stab: Sleeping          |     6 |     5 ||    11
  Eat: Chunk             |     4 |     2 ||     6
Armor: Robe              |    35 |     7 ||    42
Dodge: Dodged            |   106 |    35 ||   141
